cohdb
Replays
Latest Replays
All Replays
Popular Replays
Top Player Replays
Match Explorer
How It Works
Community
CoH3 Stats
Reddit
Sign in to upload your games and track your stats! →
Sign in with Steam
Match 45456573
Unlisted
Match 45456573
Overview
Messages
Build Orders
End
Panzerpioneer Squad
Selects Panzerjäger Kommand Battlegroup
Selects Blockade Equipment
Panzergrenadier Squad
250 Light Carrier
Construct Light Support Kompanie
MG34 Team
Selects Tank Busters
Fire Support Elements
2.5-tonne Medical Truck
Panzerjäger Squad
Flakvierling Half-track
le.IG 18 Mechanized Group
Selects Defensive Positions
Construct Mechanized Kompanie
Veteran Squad Leaders
Assault Grenadier Squad
Selects Butterfly Bomb Drop
Vehicle Survival Package
StuG III D Assault Gun
Marder III Tank Destroyer
Marder III Tank Destroyer
Kradschützen Motorcycle Team
TeamSpeakUser
LITTLE TRICKSTER
Everyone's Idol Goro
Coletti1995
ThatFishCreigh
head2dead
0
0
Comments
sign in to comment!
No comments posted yet!